 Dungeon Crawl Stone Soup version 0.30-a0-777-ga9a30cbeda (console) character file.

Game seed: 7259235397464803803

93 rlgrobin the Insei (level 4, -2/35 HPs)
             Began as a Mummy Monk on Feb 14, 2023.
             Slain by an orc
             ... wielding a +0 mace
              (6 damage)
             ... on level 4 of the Dungeon.
             The game lasted 00:05:05 (2786 turns).

rlgrobin the Insei (Mummy Monk)                     Turns: 2786, Time: 00:05:06

Health: -2/35      AC:  0    Str: 14    XL:     4   Next: 36%
Magic:  4/4        EV: 12    Int:  9    God:
Gold:   170        SH:  0    Dex: 16    Spells: 3/3 levels left

rFire   x . .      SeeInvis .      - Unarmed
rCold   + . .      Faith    +    (no shield)
rNeg    + + +      Spirit   .    (no body armour)
rPois   ∞          Reflect  .    (no helmet)
rElec   .          Harm     .    b - scarf {shadows}
rCorr   .          Rampage  .    (no gloves)
Will    .....                    (no boots)
Stlth   ++                       (no amulet)
HPRegen 0.25/turn                (no ring)
MPRegen 0.09/turn                (no ring)

@: no status effects
A: cold resistance 1, negative energy resistance 3, torment resistance 2, heat
vulnerability 1, in touch with death 1, no potions, faith
a: no special abilities


You were on level 4 of the Dungeon.
You visited 1 branch of the dungeon, and saw 5 of its levels.

You collected 170 gold pieces.

Inventory:

Armour
 b - a scarf of shadows (worn)
Scrolls
 d - a scroll of vulnerability {unknown}
 e - a scroll of silence {unknown}
 f - a scroll of acquirement {unknown}
 g - a scroll of poison
 h - a scroll of fog


   Skills:
 - Level 3.0 Fighting
 - Level 2.4 Dodging
 - Level 2.1 Stealth
 + Level 4.1 Unarmed Combat


You had 3 spell levels left.
You didn't know any spells.
Your spell library contained the following spells:

 Spells                   Type           Power      Damage    Failure   Level
 Anguish                  Hex/Necr       0%         N/A       99%         4
 Enfeeble                 Hex            0%         N/A       100%        7


Dungeon Overview and Level Annotations

Branches:
Dungeon (5/15)
 Temple: D:4-7

Altars:
Fedhas
Uskayaw
Wu Jian

Shops:
D:2 :   D:4 [

Annotations:
D:2 exclusion: gnoll, Terence
D:4 exclusion: ogre, Eustachio


Innate Abilities, Weirdness & Mutations

You are immune to poison.
Your flesh is cold resistant. (rC+)
You are immune to negative energy. (rN+++)
You are immune to unholy pain and torment.
You are vulnerable to heat. (rF-)
You are in touch with the powers of death.
You do not drink.
You have a special connection with the divine. (Faith)


Message History

No target in view!
No target in view!
You now have 170 gold pieces (gained 12).
Things that are here:
a +0 morningstar; a +0 ring mail You start resting.
HP restored.
Found a sedimented inky potion.
An orc comes into view. It is wielding a +3 whip.
An orc comes into view. It is wielding a +2 heavy hand axe.
Found a stone staircase leading up.
The orc shouts! x2; You hear a shout!
An orc comes into view. It is wielding a +0 mace.
You hear a shout!
The orc attacks as you move away! The orc closely misses you.
You barely miss the orc.
The orc hits you with a +2 heavy hand axe.
You punch the orc!
You kill the orc!
The orc barely misses you. The orc hits you with a +0 mace!
You see here a +2 heavy hand axe.
You punch the orc!
You kill the orc!
The orc closely misses you.
You hit the orc.
The orc is moderately wounded.
The orc hits you with a +0 mace.
You hit the orc.
The orc is severely wounded.
The orc hits you with a +0 mace!
You are too injured to fight recklessly!
You are too injured to fight recklessly!
You are too injured to fight recklessly!
The orc hits you with a +0 mace!
* * * LOW HITPOINT WARNING * * *
Things that are here:
a +3 whip; an orc corpse You hit the orc but do no damage.
The orc is severely wounded.
The orc hits you with a +0 mace.
You die...

....................#
....................#
..
#..................!#
#<.
####...>).........###
#.. ###...........##
##.#
#####.....#####..#
#####...##...##
###.......#
#@o#.......
#)###....## #.#
#....# #..# #....
#.## #... #. #.. ..
#.. ...


You could see an orc.

Vanquished Creatures
  4 adders
  A worm (D:4)
  6 orcs
  3 bats
  3 endoplasms
  2 giant cockroaches (D:3)
  4 goblins
  3 hobgoblins
  2 kobolds (D:1)
  2 quokkas
  7 ball pythons
  7 frilled lizards
  4 rats
48 creatures vanquished.

Notes
Turn   | Place    | Note
-------+----------+-------------------------------------------
     0 | D:1      | rlgrobin the Mummy Monk began the quest for the Orb.
     0 | D:1      | Reached XP level 1. HP: 18/18 MP: 1/1
   240 | D:1      | Reached XP level 2. HP: 22/24 MP: 2/2
   396 | D:1      | Found a faded altar of an unknown god.
   848 | D:2      | Reached skill level 3 in Unarmed Combat
   915 | D:2      | Gained mutation: You are in touch with the powers of death.
                  | [Mummy growth]
   915 | D:2      | Reached XP level 3. HP: 26/29 MP: 3/3
   927 | D:2      | Noticed Terence
  1115 | D:2      | Found Lukemiac's Book Boutique.
  1237 | D:3      | Found a blossoming altar of Fedhas.
  1392 | D:3      | Identified the +1 robe of an ossuary {*Slow rPois Slay+3
                  | Stlth+}
  1806 | D:3      | Found a hide-covered altar of Uskayaw.
  1878 | D:3      | Found an ornate altar of the Wu Jian Council.
  2317 | D:4      | Reached XP level 4. HP: 26/35 MP: 4/4
  2409 | D:4      | Noticed Eustachio
  2454 | D:4      | Reached skill level 4 in Unarmed Combat
  2454 | D:4      | Noticed an ogre
  2608 | D:4      | Found Bazxeq's Antique Armour Emporium.
  2640 | D:5      | Entered Level 5 of the Dungeon
  2786 | D:4      | Slain by an orc

Illustrated notes

Levels and vault maps discovered:
D:1:      lemuel_arrival_river_passageway, layout_loops_ring,
          ebering_ecumenical_altar_box
D:2:      layout_rooms, serial_shops, shop, uniq_terence
D:3:      layout_loops_ring, fedhas_altar_1,
          nicolae_uskayaw_murder_on_the_dancefloor,
          mainiacjoe_overflow_surrounded_room, minmay_quantized
D:4:      layout_cave_pods, serial_shops, shop_statue, minmay_cut_off,
          uniq_eustachio, uniq_grinder
D:5:      layout_cave_pools, marbit_many_paths, uniq_menkaure

Skill      XL: |  1  2  3  4 |
---------------+-------------+-----
Stealth        | 2 |  2.1
Unarmed Combat | 3 4 |  4.1
Fighting       | |  3.0
Dodging        | |  2.4

Action                     |  1- 3 |  4- 6 || total
---------------------------+-------+-------++-------
  Melee: Unarmed           |   141 |    37 ||   178
         Punch             |     1 |     3 ||     4
    Use: Scroll            |     2 |     1 ||     3
   Stab: Sleeping          |    16 |     1 ||    17
  Dodge: Dodged            |    78 |    23 ||   101

Table legend: (Time is in decaauts)
 A = Elapsed time spent in this place.
 B = Non-inter-level travel time spent in this place.
 C = Inter-level travel time spent in this place.
 D = Time resting spent in this place.
 E = Time spent auto-exploring this place.
 F = Levels seen in this place.
 G = Mean time per level.
                   A        B        C        D        E       F      G
               +--------+--------+--------+--------+--------+-----+--------+
         Total |   2784 |   2666 |    118 |    474 |   1553 |   5 |  556.8 |
       Dungeon |   2784 |   2666 |    118 |    474 |   1553 |   5 |  556.8 |
               +--------+--------+--------+--------+--------+-----+--------+

Top non-repeatable levels by time:
     D:3: 1053 daAuts
     D:1: 772 daAuts
     D:2: 459 daAuts
     D:4: 400 daAuts
     D:5: 99 daAuts
